 Dungeon Crawl Stone Soup version 0.31.0-11-ge490571c62 (webtiles) character file.

Game seed: 10588953408650147041

64 qw the Shooter (level 3, 0/18 HPs)
             Began as a Spriggan Hunter on Feb 4, 2024.
             Frozen to death by an endoplasm (3 damage)
             ... on level 3 of the Dungeon.
             The game lasted 00:00:05 (1712 turns).

qw the Shooter (Spriggan Hunter)                    Turns: 1712, Time: 00:00:05

Health: 0/18       AC:  2    Str: 13    XL:     3   Next: 91%
Magic:  4/4        EV:  7    Int: 10    God:
Gold:   108        SH:  0    Dex: 20    Spells: 2/2 levels left

rFire   . . .        a - +0 shortbow
rCold   . . .        (shield currently unavailable)
rNeg    . . .        c - +0 robe
rPois   .            (helmet restricted)
rElec   .            (no cloak)
rCorr   .            (gloves unavailable)
SInv    +            (boots unavailable)
Will    .....        (no amulet)
Stlth   ++           d - +6 ring of strength
HPRegen 0.23/turn    (no ring)
MPRegen 0.09/turn

%: no passive effects
@: held, constricted, very quick
A: very small, no large weapons, unfitting armour, see invisible, speed 3
a: no special abilities


You were on level 3 of the Dungeon.
You visited 1 branch of the dungeon, and saw 3 of its levels.

You collected 108 gold pieces.


Innate Abilities, Weirdness & Mutations

You are very small and have problems with some larger weapons.
You are too small for most types of armour.
You have supernaturally acute eyesight. (SInv)
You cover ground extremely quickly. (Speed+++)


   Skills:
 - Level 1.5 Fighting
 - Level 5.0 Ranged Weapons
 + Level 4.1 Dodging
 - Level 1.5 Stealth


You had 2 spell levels left.
You didn't know any spells.
Your spell library was empty.

Inventory:

Hand Weapons
 a - a +0 shortbow (weapon)
Armour
 c - a +0 robe (worn)
Jewellery
 d - a +6 ring of strength (left hand)
Scrolls
 f - a scroll of enchant armour

Dungeon Overview and Level Annotations

Branches:
Dungeon (3/15)

Altars:


Message History

The arrow closely misses the ball python.
The ball python misses you. The ball python constricts you.
The goblin misses you. The ball python bites you. The ribbon worm misses you.
You shoot an arrow.
The arrow barely misses the ball python.
The ball python barely misses you. The ball python constricts you.
The goblin hits you with a +0 dagger. The ball python barely misses you.
The ball python bites you. The ball python constricts you.
You shoot an arrow.
The arrow closely misses the ball python.
The ball python barely misses you. The goblin hits you but does no damage.
The endoplasm barely misses you.
The ribbon worm expels a string of sticky webbing.
The stream of webbing hits you but does no damage.
You are caught in a web!
The ball python barely misses you. The ball python constricts you.
The ball python barely misses you. The endoplasm freezes you.
You are frozen.
The goblin hits you with a +0 dagger. The ball python bites you.
The ball python constricts you. The ribbon worm closely misses you.
The ball python bites you but does no damage.
1709 ||| DRINKING potion of heal wounds.
You feel much better. The endoplasm hits you.
The ball python bites you but does no damage.
The ball python constricts you. The goblin closely misses you.
The ball python bites you. The ribbon worm bites you.
The ball python bites you. The ball python constricts you.
The endoplasm hits you but does no damage.
The goblin hits you with a +0 dagger. The endoplasm barely misses you.
The ball python bites you. The ribbon worm closely misses you.
The ball python barely misses you. The ball python constricts you.
The endoplasm completely misses you. The goblin hits you but does no damage.
The ball python bites you. The endoplasm barely misses you.
The ball python bites you but does no damage.
The ball python constricts you.
The ribbon worm bites you but does no damage.
The ball python bites you but does no damage.
The endoplasm freezes you.
You are frozen.
You die...

.!...........#
.............#
............#
#..........#
#.........#
#...r.....#
#..Jwg....#
#..S@.....#
#..JS.....#
#.........#
..........##
#..###.....##
#. ####### .


You could see a ribbon worm, 2 endoplasms, a quokka, a goblin and 2 ball
pythons.

Vanquished Creatures
  2 adders (D:2)
  A dart slug (D:2)
  5 bats
  2 endoplasms
  3 giant cockroaches
  4 hobgoblins
  4 jackals (D:1)
  6 kobolds
  3 ball pythons (D:1)
  7 frilled lizards
  3 goblins
  4 rats
44 creatures vanquished.

Notes
Turn   | Place    | Note
-------+----------+-------------------------------------------
     0 | D:1      | qw the Spriggan Hunter began the quest for the Orb.
     0 | D:1      | Reached XP level 1. HP: 10/10 MP: 2/2
     0 | D:1      | 0 ||| qw: Version: 0.3-a-160-g6735b56
     0 | D:1      | 0 ||| qw: Game counter: 5088
     0 | D:1      | 0 ||| qw: Melee chars always use a shield: true
     0 | D:1      | 0 ||| qw: God list: Okawaru
     0 | D:1      | 0 ||| qw: Allow faded altars: false
     0 | D:1      | 0 ||| qw: Do Orc after clearing Dungeon:15 true
     0 | D:1      | 0 ||| qw: Do second Lair branch before Depths: true
     0 | D:1      | 0 ||| qw: Lair rune preference: random
     0 | D:1      | 0 ||| qw: Goals: Normal
     0 | D:1      | 0 ||| PLANNING D:1-11
    36 | D:1      | Reached skill level 3 in Dodging
   105 | D:1      | Reached XP level 2. HP: 14/14 MP: 3/3
   162 | D:1      | Found a faded altar of an unknown god.
   271 | D:1      | 271 ||| READING scroll labelled UDDABR APSEFF.
   271 | D:1      | 271 ||| ENCHANTING +0 shortbow.
   272 | D:1      | 272 ||| DROPPING scroll of butterflies.
   799 | D:1      | 799 ||| UPGRADING to +6 ring of strength.
   800 | D:1      | 800 ||| READING 2 scrolls labelled HIEDGH DOARYJ.
   800 | D:1      | 800 ||| IDENTIFYING amethyst potion
   801 | D:1      | 801 ||| DROPPING potion of degeneration.
   838 | D:2      | Reached XP level 3. HP: 18/18 MP: 4/4
  1252 | D:2      | Reached skill level 5 in Ranged Weapons
  1691 | D:2      | 1691 ||| READING 2 scrolls of identify.
  1691 | D:2      | 1691 ||| IDENTIFYING silvery potion
  1692 | D:2      | 1692 ||| READING scroll of identify.
  1692 | D:2      | 1692 ||| IDENTIFYING scroll labelled QUIVVO FAQING
  1693 | D:2      | 1693 ||| DROPPING scroll of blinking.
  1701 | D:3      | 1701 ||| STAIRDANCE
  1708 | D:3      | HP: 4/18 [ball python (1)]
  1709 | D:3      | 1709 ||| DRINKING potion of heal wounds.
  1712 | D:3      | Frozen to death by an endoplasm

Levels and vault maps discovered:
D:1:      minmay_arrival_loop, layout_loops_ring, ebering_ecumenical_altar_hall,
          minmay_strange_pillars
D:2:      layout_loops_corners
D:3:      layout_rooms, grunt_decor_one_mirror, uniq_natasha

Skill      XL: |  1  2  3 |
---------------+----------+-----
Dodging        | 3 4 |  4.1
Ranged Weapons | 5 |  5.0
Fighting       | |  1.5
Stealth        | |  1.5

Action                     || total
---------------------------++-------
   Fire: Shortbow          ||   119
    Use: Scroll            ||     4
         Potion            ||     1
 Armour: Robe              ||    35
  Dodge: Dodged            ||    64

Table legend:
 A = Non-vault XP
 B = Vault XP
 C = Vault XP percentage of total XP
 D = Non-vault monster count
 E = Vault monster count
 F = Vault count percentage of total count
                 A         B        C        D         E       F
            +---------+---------+-------+---------+---------+-------
      Total |      92 |       0 |   0.0 |      44 |       0 |   0.0
            +---------+---------+-------+---------+---------+-------
        D:1 |      39 |       0 |   0.0 |      25 |       0 |   0.0
        D:2 |      53 |       0 |   0.0 |      19 |       0 |   0.0
            +---------+---------+-------+---------+---------+-------
